[Event "Late-Titled-Tuesday-Blitz-August-29-2023"]
[Site "Chess.com"]
[Date "2023.08.29"]
[Round "5"]
[White "cottage_cheese"]
[Black "DishonorOnYourCow"]
[Result "0-1"]
[WhiteElo "2294"]
[BlackElo "2525"]
[TimeControl "180+1"]
[EndTime "14:54:02 PDT"]
[Termination "DishonorOnYourCow won on time"]

1. e4 c5 2. Nf3 d6 3. d4 cxd4 4. Nxd4 Nf6 5. Nc3 Bd7 6. g3 Nc6 7. Bg2 g6 8. O-O Bg7 9. Nxc6 Bxc6 10. Be3 O-O 11. h3 b5 12. a3 Qc8 13. Qd2 a5 14.
Qd3 b4 15. axb4 axb4 16. Ne2 Qb7 17. f3 Nd7 18. Nd4 Nc5 19. Qd2 Bd7 20. Kh2 Ne6 21.
Nxe6 Bxe6 22. Bd4 Rfc8 23. Bxg7 Kxg7 24. f4 Qb6 25. f5 Bc4 26. fxg6 Bxf1 27. Rxf1 hxg6 28.
Qf4 Rf8 29. e5 Rad8 30. e6 fxe6 31. Qg5 Rxf1 32. Bxf1 Qf2+ 33. Bg2 Qf6 34. Qh4 Qxh4 0-1

[Event "Late-Titled-Tuesday-Blitz-August-29-2023"]
[Site "Chess.com"]
[Date "2023.08.29"]
[Round "5"]
[White "RCone"]
[Black "FredddieCroderg"]
[Result "1-0"]
[WhiteElo "2443"]
[BlackElo "2311"]
[TimeControl "180+1"]
[EndTime "14:54:05 PDT"]
[Termination "RCone won by checkmate"]

1. e4 c6 2. d4 d5 3. e5 Be6 4. h4 h5 5. Bg5 Qc8 6. Nf3 Nh6 7.
c4 Nf5 8. c5 Nd7 9. Nc3 f6 10.
Bf4 g6 11. Qd2 Bh6 12. Bxh6 Nxh6 13. exf6 exf6 14. Bd3 Kf7 15. O-O Bf5 16. Rfe1 Bxd3 17. Qxd3 Nf5 18. b4 Nf8 19. b5 Ne6 20. g3 Qc7 21. Kg2 Rhe8 22. Rab1 Rab8 23. Re2 Qd7 24. Reb2 Rbc8 25. a4 Re7 26. a5 Rc7 27. a6 bxa6 28.
bxa6 Neg7 29. Rb8 Rc8 30. R8b7 Rc7 31. Ne2 Nh6 32. Nf4 Ngf5 33. Rb8 Ng4 34. Rh8 Ng7 35.
Rbb8 Ne5 36. Rbf8# 1-0

[Event "Late-Titled-Tuesday-Blitz-August-29-2023"]
[Site "Chess.com"]
[Date "2023.08.29"]
[Round "5"]
[White "Real_taiatai"]
[Black "GM_shahin"]
[Result "0-1"]
[WhiteElo "2525"]
[BlackElo "2716"]
[TimeControl "180+1"]
[EndTime "14:54:06 PDT"]
[Termination "GM_shahin won by resignation"]

1. d4 d5 2. c4 e6 3. Nf3 Nf6 4. g3 dxc4 5. Bg2 Bb4+ 6. Bd2 c5 7. O-O O-O 8. a3 Bxd2 9. Nbxd2 cxd4 10. Nxc4 Nc6 11.
b4 a6 12. Rc1 Re8 13. Nfe5 Nxe5 14. Nxe5 a5 15. Rc4 axb4 16. axb4 Qd6 17. Qxd4 Qxd4 18.
Rxd4 Nd5 19. Bxd5 exd5 20. Rxd5 f6 21. Nc4 Bh3 22. Rfd1 Rxe2 23. R5d2 Rxd2 24. Nxd2 Rd8 25. f3 Bf5 26. Kf2 Bc2 27. Ra1 Rxd2+ 28. Ke3 Rxh2 29.
Ra2 h5 30. Kd4 g5 31. Kc5 h4 32. gxh4 gxh4 33. Kd4 h3 34. Ke3 Rg2 35. Ra5 Bg6 36. Rh5 Bxh5 0-1

[Event "Late-Titled-Tuesday-Blitz-August-29-2023"]
[Site "Chess.com"]
[Date "2023.08.29"]
[Round "5"]
[White "Apocalyps999"]
[Black "HajiyevKanan"]
[Result "0-1"]
[WhiteElo "2325"]
[BlackElo "2478"]
[TimeControl "180+1"]
[EndTime "14:54:06 PDT"]
[Termination "HajiyevKanan won on time"]

1. e4 c6 2. c4 d5 3. exd5 cxd5 4. cxd5 Nf6 5. Nc3 Nxd5 6. Nf3 e6 7. d4 Nc6 8. Bd3 Bb4 9. O-O O-O 10. Bc2 g6 11.
Qd3 Be7 12. a3 b6 13. Nxd5 Qxd5 14. Bb3 Qf5 15. Qxf5 exf5 16. d5 Na5 17. Ba2 Rd8 18. Bf4 Bf6 19. Rab1 Ba6 20. Rfd1 Bc4 21. b3 Be2 22. Rd2 Bxf3 23. gxf3 Rac8 24. Be3 Be5 25. f4 Bd6 26. b4 Nc4 27. Bxc4 Rxc4 28. Rd3 Rdc8 29.
Re1 Kf8 30. Kg2 Rc3 31. Red1 Rxd3 32. Rxd3 Rc4 33. Kf3 Ke7 34. Bd2 b5 35. h4 h5 36.
Be3 Kd7 37. Kg2 a6 38. Kf3 Rc2 39. Kg3 Re2 40. Kf3 Re1 41. Kg3 Rg1+ 42. Kh2 Ra1 43. Kg3 Be7 44. Bc5 Bf6 0-1

[Event "Late-Titled-Tuesday-Blitz-August-29-2023"]
[Site "Chess.com"]
[Date "2023.08.29"]
[Round "5"]
[White "GMG"]
[Black "Firouzja2003"]
[Result "0-1"]
[WhiteElo "2769"]
[BlackElo "3103"]
[TimeControl "180+1"]
[EndTime "14:54:08 PDT"]
[Termination "Firouzja2003 won on time"]

1. d4 Nf6 2. c4 g6 3. Nf3 Bg7 4. g3 O-O 5. Bg2 d6 6. Nc3 Nbd7 7. O-O e5 8. e4 c6 9. h3 Re8 10. d5 Nc5 11. Re1 a5 12. b3 cxd5 13. cxd5 b6 14. Rb1 Ba6 15. Bf1 Qc8 16. Bxa6 Qxa6 17. Ba3 Rec8 18.
Bxc5 Rxc5 19. Na4 Rc7 20. Qe2 Qxe2 21. Rxe2 b5 22. Nb2 Rac8 23. a4 bxa4 24. Nxa4 Rc2 25. Rb2 Rxe2 26. Rxe2 Rc1+ 27. Kg2 Rb1 28. Nd2 Rd1 29.
Nc4 Rd4 30. f3 Rd3 31. Nxa5 Nh5 32. b4 f5 33. Nb2 Rc3 34. exf5 e4 35. fxe4 Rxg3+ 36. Kf2 Bd4+ 37. Ke1 Nf4 38. Rc2 Be3 39. Rc8+ Kg7 0-1

[Event "Late-Titled-Tuesday-Blitz-August-29-2023"]
[Site "Chess.com"]
[Date "2023.08.29"]
[Round "5"]
[White "newyorkmouse"]
[Black "Dr_crypt"]
[Result "0-1"]
[WhiteElo "2468"]
[BlackElo "2332"]
[TimeControl "180+1"]
[EndTime "14:54:08 PDT"]
[Termination "Dr_crypt won by checkmate"]

1. f4 e5 2. e4 exf4 3. Bc4 Qh4+ 4. Kf1 Nc6 5. d4 d6 6. Nf3 Qh5 7. Bxf4 Nf6 8. d5 Ne5 9. Bb5+ Bd7 10. Bxd7+ Nfxd7 11. Nc3 Nxf3 12. Qxf3 Qxf3+ 13. gxf3 O-O-O 14. Ke2 g6 15. h4 Bg7 16. h5 Rde8 17. h6 Bxc3 18. bxc3 f5 19. Rae1 fxe4 20. fxe4 Rxe4+ 21. Kf3 Ree8 22. Re6 Nc5 23. Rxe8+ Rxe8 24. Rf1 Rf8 25. Kg4 Nd7 26.
c4 Ne5+ 27. Kg3 g5 28. Bxe5 Rxf1 29. Bg7 Rf4 30. c5 dxc5 31. a3 Kd7 32. Be5 Rh4 33. Bf6 Rxh6 34. Bxg5 Rg6 35. Kf4 Kd6 36. Bh4 Kxd5 37.
Kf5 Rg2 38. Bd8 c6 39. Kf4 Rxc2 40. Kf3 c4 41. a4 c3 42. a5 Ra2 43. a6 Rxa6 44. Bh4 c2 45. Bf2 c1=Q 46. Kg2 Ra3 47.
Kh2 Qd2 48. Kg2 Ra2 49. Kh1 h5 50. Bg1 Qg2# 0-1

[Event "Late-Titled-Tuesday-Blitz-August-29-2023"]
[Site "Chess.com"]
[Date "2023.08.29"]
[Round "5"]
[White "AryanTari"]
[Black "Ajedrez_con_German"]
[Result "1-0"]
[WhiteElo "2924"]
[BlackElo "2661"]
[TimeControl "180+1"]
[EndTime "14:54:11 PDT"]
[Termination "AryanTari won by resignation"]

1. e4 e5 2. Nf3 Nf6 3. d3 Nc6 4. g3 Bc5 5. Bg2 d6 6. O-O O-O 7. c3 a6 8. h3 h6 9. Nbd2 Re8 10.
a4 d5 11. b4 Bb6 12. Qc2 d4 13. Bb2 dxc3 14. Bxc3 Nd7 15. Nc4 f6 16. b5 axb5 17. axb5 Rxa1 18. Rxa1 Ne7 19. Ra8 Nc5 20. d4 exd4 21.
Nxd4 Ng6 22. f4 Qe7 23. Nxb6 cxb6 24. e5 Nf8 25. Nf5 Bxf5 26. Rxe8 Qxe8 27. Qxf5 fxe5 28.
Bd5+ Nce6 29. Qxe5 Qd7 30. f5 1-0

[Event "Late-Titled-Tuesday-Blitz-August-29-2023"]
[Site "Chess.com"]
[Date "2023.08.29"]
[Round "5"]
[White "albi1999"]
[Black "JSlaby"]
[Result "0-1"]
[WhiteElo "2674"]
[BlackElo "2523"]
[TimeControl "180+1"]
[EndTime "14:54:11 PDT"]
[Termination "JSlaby won by resignation"]

1. d4 Nf6 2. Nf3 g6 3. c4 Bg7 4. Nc3 O-O 5. Bg5 c5 6. d5 d6 7. e4 b5 8. cxb5 a6 9. bxa6 Qa5 10. Qd2 Nbd7 11. Be2 Bxa6 12. O-O Nxe4 13. Nxe4 Qxd2 14. Nfxd2 Bxe2 15. Rfe1 Bd3 16. Bxe7 Rfb8 17. Bxd6 Rxb2 18. Nf3 c4 19. a4 Rb6 20. Bc5 Bxe4 21. Bxb6 Nxb6 22.
Rad1 Bxd5 23. a5 Rxa5 24. Re8+ Bf8 25. Rb8 Nd7 26. Rd8 Nf6 27. Ne5 Kg7 28. Rc8 Rc5 29.
Rxc5 Bxc5 30. Nd7 Nxd7 31. Rxd5 c3 32. Rd3 Nf6 33. Rxc3 Bxf2+ 34. Kf1 Bd4 35. Rc4 Be5 36. Ke2 Bxh2 0-1

[Event "Late-Titled-Tuesday-Blitz-August-29-2023"]
[Site "Chess.com"]
[Date "2023.08.29"]
[Round "5"]
[White "IngOscarArdila"]
[Black "Sinquefield"]
[Result "0-1"]
[WhiteElo "2300"]
[BlackElo "2433"]
[TimeControl "180+1"]
[EndTime "14:54:11 PDT"]
[Termination "Sinquefield won on time"]

1. d4 d6 2. Nf3 Nf6 3. c4 Nbd7 4. Nc3 e5 5. dxe5 dxe5 6. e3 c6 7. Be2 Be7 8. O-O O-O 9. Qc2 Qc7 10. e4 Nc5 11. h3 a5 12. Be3 h6 13. Rfd1 Be6 14. Rd2 Rfd8 15. Rad1 Rxd2 16. Rxd2 Re8 17. a3 Bc8 18. b4 axb4 19. axb4 Ne6 20. c5 Nh5 21. g3 Nf6 22. Bf1 Nh7 23. Na4 Nhg5 24. Nh4 Nd4 25. Bxd4 exd4 26. f4 Nxh3+ 27. Kh2 Nxf4 28. Nf5 Bxf5 29.
exf5 Nh5 30. Qd3 Bh4 31. Rg2 Nxg3 32. Rxg3 Re3 33. Qxd4 Qxg3+ 34. Kh1 Re1 35. Qc4 Qf3+ 36.
Kg1 Qf2+ 0-1

[Event "Late-Titled-Tuesday-Blitz-August-29-2023"]
[Site "Chess.com"]
[Date "2023.08.29"]
[Round "5"]
[White "BozeKat"]
[Black "Jojo_898"]
[Result "0-1"]
[WhiteElo "2089"]
[BlackElo "2364"]
[TimeControl "180+1"]
[EndTime "14:54:11 PDT"]
[Termination "Jojo_898 won on time"]

1. c4 Nf6 2. g3 e6 3. Bg2 d5 4. Nf3 c6 5. O-O Bd6 6. Qc2 O-O 7. d4 Ne4 8. Nc3 f5 9. Ne5 Nd7 10. Bf4 g5 11. Nxd7 Qxd7 12. Be5 Bxe5 13. dxe5 Qc7 14.
f4 Qb6+ 15. e3 Qxe3+ 16. Kh1 gxf4 17. Bxe4 dxe4 18. Rxf4 Bd7 19. Rd1 Be8 20. Qd2 Qxd2 21. Rxd2 Bh5 22. Rf1 Rad8 23. Rxd8 Rxd8 24. Rf2 Rd4 25.
b3 Rd3 26. Rc2 e3 27. Kg2 Rd2+ 28. Rxd2 exd2 29. Kf2 d1=Q 30. Nxd1 Bxd1 31. Ke3 Kf7 32. Kf4 Bc2 33. Kg5 Bb1 0-1

[Event "Late-Titled-Tuesday-Blitz-August-29-2023"]
[Site "Chess.com"]
[Date "2023.08.29"]
[Round "5"]
[White "Mbneu"]
[Black "HenriL"]
[Result "1/2-1/2"]
[WhiteElo "2275"]
[BlackElo "2508"]
[TimeControl "180+1"]
[EndTime "14:54:12 PDT"]
[Termination "Game drawn by repetition"]

1. d4 g6 2. c4 Bg7 3. f4 Nf6 4. Nc3 d5 5. cxd5 Nxd5 6. e4 Nxc3 7. bxc3 c5 8. e5 cxd4 9. cxd4 O-O 10. Nf3 Bg4 11. Be2 Nc6 12. Be3 Qa5+ 13. Kf2 Rfd8 14. Qe1 Qa4 15. Qd1 Qa3 16. Qb3 Qxb3 17. axb3 Bxf3 18.
Bxf3 Nxd4 19. Bxb7 Rab8 20. Rhd1 Rxb7 21. Rxd4 Rdb8 22.
b4 f6 23. Re4 fxe5 24. fxe5 Rxb4 25. Rxb4 Rxb4 26. Rxa7 Kf7 27. Rxe7+ Kxe7 28. Bc5+ Ke6 29.
Bxb4 Bxe5 30. h3 Kf5 31. g4+ Ke4 32. Bd2 Bf4 33. Bc3 Be3+ 34. Kg2 Bc5 35. Bf6 Bd6 36. Bc3 Bf4 37. Bb2 Be5 38. Bc1 Bc3 39. Ba3 Bd4 40. Bc1 Bc5 41. Bb2 Be3 42. Ba3 Bf4 43. Bb2 Be3 44. Ba3 Kf4 45. Bd6+ Ke4 46. Be7 Bd4 47.
Bf8 Be5 48. Be7 Bf4 49. Ba3 Bd2 50. Bc5 Ke5 51. Bf8 Kf6 52. Bc5 Ke5 53. Bf8 Ke4 54. Bg7 Be3 55. Bf8 Bf4 56. Bg7 Be3 57. Bf8 Bf4 58.
Bg7 Be3 1/2-1/2

[Event "Late-Titled-Tuesday-Blitz-August-29-2023"]
[Site "Chess.com"]
[Date "2023.08.29"]
[Round "5"]
[White "PNEPaul"]
[Black "rochaaaaaaaaaa"]
[Result "0-1"]
[WhiteElo "1893"]
[BlackElo "2237"]
[TimeControl "180+1"]
[EndTime "14:54:12 PDT"]
[Termination "rochaaaaaaaaaa won on time"]

1. e4 g6 2. Nc3 Bg7 3. g3 c5 4.
Bg2 Nc6 5. Nge2 e5 6. O-O Nge7 7. d3 O-O 8. h3 d6 9. Nd5 Nxd5 10. exd5 Ne7 11. Bg5 h6 12. Bd2 b5 13. Qc1 Kh7 14. f4 Nf5 15. c3 exf4 16. Bxf4 Re8 17. Rf2 g5 18. Bd2 Be5 19. g4 Nh4 20. Rxf7+ Kg8 21. Rf2 Rf8 22. Rxf8+ Qxf8 23. Qf1 Bb7 24. Qxf8+ Rxf8 25. Rf1 Nxg2 26. Rxf8+ Kxf8 27. Kxg2 Bxd5+ 28. Kg1 Bxa2 29. h4 Bf6 30. hxg5 hxg5 31. Ng3 Bd5 32. Nf5 Be6 33. Nxd6 Bxg4 34. Nxb5 a6 35. Nc7 Bc8 36. Nd5 Bd8 37.
c4 Kf7 38. Bc3 Be6 39. Ne3 Kg6 40. Nc2 Bf5 41. Ne1 g4 42. Be5 Bh4 43. Ng2 Bf6 0-1

[Event "Late-Titled-Tuesday-Blitz-August-29-2023"]
[Site "Chess.com"]
[Date "2023.08.29"]
[Round "5"]
[White "trriinu"]
[Black "Hippotaner"]
[Result "0-1"]
[WhiteElo "2199"]
[BlackElo "2399"]
[TimeControl "180+1"]
[EndTime "14:54:12 PDT"]
[Termination "Hippotaner won on time"]

1. e4 d6 2. d4 Nf6 3. Nc3 e5 4. Nf3 exd4 5. Nxd4 Bd7 6. Bc4 Nc6 7. O-O Be7 8. Re1 O-O 9. a4 Re8 10. Bf4 Ng4 11. Nxc6 bxc6 12. e5 d5 13. Nxd5 cxd5 14. Bxd5 Rb8 15. h3 Nh6 16. Bxh6 gxh6 17. Qh5 Be6 18. Be4 Bf8 19. Re3 Kh8 20. b3 Qg5 21. Qe2 Bg7 22. Bd3 Rg8 23. f3 Bxh3 24. f4 Qxf4 25.
Rxh3 Bxe5 26. Rf1 Qd4+ 27. Kh1 Rb6 28. Rxf7 Bg7 29. Qe4 Qxe4 30. Bxe4 Re6 31. Bd3 Re1+ 32. Rf1 Rxf1+ 33. Bxf1 Rd8 34. Rd3 Re8 35. g3 Be5 36.
Kg2 Kg7 37. Be2 Kf6 38. Bh5 Rg8 39. g4 Bd6 40. Rf3+ Kg5 41. Rf7 Re8 0-1

[Event "Late-Titled-Tuesday-Blitz-August-29-2023"]
[Site "Chess.com"]
[Date "2023.08.29"]
[Round "5"]
[White "Jaka_Brilej"]
[Black "Ajedrecista3000"]
[Result "0-1"]
[WhiteElo "2510"]
[BlackElo "2697"]
[TimeControl "180+1"]
[EndTime "14:54:14 PDT"]
[Termination "Ajedrecista3000 won by resignation"]

1. d4 Nf6 2. Bg5 Nc6 3. Nf3 Ne4 4. h4 d5 5. Nbd2 Bf5 6. e3 h6 7. Bf4 e6 8. Nxe4 Bxe4 9. Bd3 Bb4+ 10. c3 Bd6 11. Bxe4 dxe4 12. Nd2 Bxf4 13. exf4 f5 14. Nc4 O-O 15. Ne3 Qd6 16. g3 Ne7 17. Qb3 Qb6 18.
O-O-O Rfd8 19. Rd2 Nd5 20. Rhd1 Qxb3 21. axb3 Nxe3 22.
fxe3 Kf7 23. d5 Ke7 24. Kc2 Rd6 25. dxe6 Rxd2+ 26. Rxd2 Kxe6 27. c4 Rg8 28. Kc3 c5 29. Rd5 b6 30. b4 Rc8 31. b5 Rc7 32. Re5+ Kf6 33. Rd5 Ke6 34. b4 cxb4+ 35. Kxb4 g6 36. c5 Kxd5 0-1

[Event "Late-Titled-Tuesday-Blitz-August-29-2023"]
[Site "Chess.com"]
[Date "2023.08.29"]
[Round "5"]
[White "santosalberto1987"]
[Black "BlackBoarder"]
[Result "0-1"]
[WhiteElo "2555"]
[BlackElo "2742"]
[TimeControl "180+1"]
[EndTime "14:54:15 PDT"]
[Termination "BlackBoarder won by resignation"]

1. e4 e6 2. d4 d5 3. Nc3 Bb4 4. e5 Ne7 5. a3 Bxc3+ 6. bxc3 c5 7. Nf3 b6 8. a4 Ba6 9. Bxa6 Nxa6 10. a5 O-O 11. axb6 axb6 12. O-O Nc7 13. Be3 c4 14. h4 Rxa1 15. Qxa1 Qd7 16. Qb2 Qb5 17. Rb1 Qxb2 18.
Rxb2 b5 19. Ra2 Nc6 20. Bd2 h6 21. Kf1 Rb8 22. h5 b4 23. cxb4 Nxb4 24. Rb2 Nc6 25.
Rxb8+ Nxb8 26. c3 Nc6 27. g4 Nb5 28. Ke2 Na5 29. Kd1 Nb3 30. Kc2 f6 31. exf6 Nxd2 32. f7+ Kxf7 33. Kxd2 Kf6 34. Kc2 Nd6 35. Ne5 Kg5 36.
f3 Kf4 37. Kd2 Nb5 38. Kc2 Ke3 39. Kb2 Kd2 40. f4 Nxc3 41. g5 Ne2 0-1

[Event "Late-Titled-Tuesday-Blitz-August-29-2023"]
[Site "Chess.com"]
[Date "2023.08.29"]
[Round "5"]
[White "HrvojeZagreb"]
[Black "aqibjbutt"]
[Result "0-1"]
[WhiteElo "2248"]
[BlackElo "2000"]
[TimeControl "180+1"]
[EndTime "14:54:15 PDT"]
[Termination "aqibjbutt won by resignation"]

1. f4 d5 2. b3 Nf6 3. Bb2 g6 4. Nf3 Bg7 5. e3 O-O 6. d3 a5 7. a4 Nc6 8. Be2 Nb4 9. O-O Ng4 10. Bxg7 Kxg7 11. Qd2 Kg8 12. Ne5 Nxe3 13. Qxe3 Nxc2 14.
Qd2 Nxa1 15. Qb2 c6 16. Qxa1 Qb6+ 17. Kh1 Qxb3 18. Nd2 Qb6 19. Rb1 Qe3 20. Bg4 Qxd2 21. Bxc8 Rfxc8 22. Rxb7 Rcb8 23. Rxb8+ Rxb8 24. Nxc6 Rb2 25. Qg1 Qc2 26. Nxe7+ Kf8 27. Nxd5 Rb1 28. h3 Rxg1+ 29.
Kxg1 Qb1+ 30. Kh2 Qxd3 31. Nb6 Qd6 32. Nc8 Qxf4+ 33. g3 Qc7 0-1

[Event "Late-Titled-Tuesday-Blitz-August-29-2023"]
[Site "Chess.com"]
[Date "2023.08.29"]
[Round "5"]
[White "Der_Honigdachs"]
[Black "gordonzyxu"]
[Result "1-0"]
[WhiteElo "2507"]
[BlackElo "2110"]
[TimeControl "180+1"]
[EndTime "14:54:16 PDT"]
[Termination "Der_Honigdachs won by checkmate"]

1. c4 e5 2. g3 Nf6 3. Bg2 g6 4.
Nf3 Nc6 5. d4 e4 6. Ng5 d5 7. cxd5 Qxd5 8. Nc3 Bb4 9. O-O Bxc3 10. bxc3 Bf5 11. f3 O-O 12. g4 Bd7 13. fxe4 Qc4 14.
Rxf6 Qxc3 15. Bf4 Nxd4 16. Rc1 Nxe2+ 17. Qxe2 Qxf6 18. Rf1 c5 19. e5 Qb6 20. Ne4 Bb5 21. Nf6+ Kg7 22. Qe3 Bxf1 23. Bh6+ Kh8 24. Bxf8 Bd3 25.
Bxc5 Qb1+ 26. Kf2 Qc2+ 27. Kg3 Rc8 28. Qh6 g5 29. Bf8 Qf2+ 30. Kxf2 Rc2+ 31. Ke3 Rxg2 32. Qg7# 1-0

[Event "Late-Titled-Tuesday-Blitz-August-29-2023"]
[Site "Chess.com"]
[Date "2023.08.29"]
[Round "5"]
[White "CraiggoryC"]
[Black "MaxLeto"]
[Result "1-0"]
[WhiteElo "2224"]
[BlackElo "2415"]
[TimeControl "180+1"]
[EndTime "14:54:18 PDT"]
[Termination "CraiggoryC won by resignation"]

1. e4 c5 2. Nf3 d6 3. d4 cxd4 4. Nxd4 Nf6 5. Nc3 a6 6. Be3 Ng4 7. Bg5 h6 8. Bh4 g5 9. Bg3 Bg7 10. h3 Ne5 11. Nf5 Bxf5 12. exf5 Nbc6 13. Nd5 e6 14.
fxe6 fxe6 15. Ne3 Qa5+ 16. c3 O-O-O 17. Be2 Kb8 18. O-O Ng6 19. Nc4 Qd5 20. Qxd5 exd5 21. Nxd6 Nce5 22. Nf7 Ka7 23. Nxh8 Bxh8 24. Rad1 Nc6 25.
Bf3 d4 26. Bxc6 bxc6 27. cxd4 Bxd4 28. b4 Rd5 29. Rd3 Bb6 30. Rxd5 cxd5 31. Re1 d4 32. Re6 Nf4 33. Bxf4 gxf4 34. Rxh6 Kb7 35. Kf1 Kc7 36.
Ke2 a5 37. Rxb6 Kxb6 38. bxa5+ Kxa5 39. Kd3 f3 40. gxf3 Kb4 41. Kxd4 Ka3 42. f4 1-0

[Event "Late-Titled-Tuesday-Blitz-August-29-2023"]
[Site "Chess.com"]
[Date "2023.08.29"]
[Round "5"]
[White "Msb2"]
[Black "azikom"]
[Result "1-0"]
[WhiteElo "3012"]
[BlackElo "2704"]
[TimeControl "180+1"]
[EndTime "14:54:19 PDT"]
[Termination "Msb2 won by resignation"]

1. d4 d5 2. c4 dxc4 3. e4 e5 4.
Nf3 exd4 5. Bxc4 Bb4+ 6. Nbd2 Nf6 7. O-O O-O 8. e5 Nfd7 9. Nb3 Nb6 10. Bd3 Nc6 11.
Nbxd4 Nxd4 12. Nxd4 c5 13. Nc2 Ba5 14. Qe2 Be6 15.
Rd1 Qh4 16. Ne3 Rfd8 17. g3 Qh3 18. Qf3 Bd7 19. Bf1 Qe6 20. Qf4 Bc6 21. Rd6 Rxd6 22.
exd6 Nd5 23. Qf5 Qxf5 24. Nxf5 g6 25. Ne7+ Nxe7 26. dxe7 f6 27. Bc4+ Kg7 28. Bf4 Re8 29. Bd6 b5 30. Be6 c4 31. a4 Bb6 32. axb5 Bxb5 33. Rc1 Bd4 34. Bxc4 Bxb2 35. Bxb5 Rxe7 36.
Bxe7 Bxc1 37. Ba6 Bb2 38. Bc5 1-0

[Event "Late-Titled-Tuesday-Blitz-August-29-2023"]
[Site "Chess.com"]
[Date "2023.08.29"]
[Round "5"]
[White "MarcoRiehle"]
[Black "only_strong_moves"]
[Result "1-0"]
[WhiteElo "2834"]
[BlackElo "2535"]
[TimeControl "180+1"]
[EndTime "14:54:21 PDT"]
[Termination "MarcoRiehle won on time"]

1. e4 e6 2. c4 d5 3. cxd5 exd5 4. Qb3 c6 5. e5 Nd7 6. d4 Qb6 7. Qxb6 Nxb6 8. Bd3 Ne7 9. Ke2 Bf5 10. Be3 Bxd3+ 11. Kxd3 Nf5 12. Ne2 O-O-O 13. Nd2 Bb4 14. b3 Rhe8 15.
g4 Nxe3 16. fxe3 Bxd2 17. Kxd2 f6 18. exf6 gxf6 19. Rhf1 Re4 20. h3 Rde8 21. Rf3 Nd7 22. Ng3 R4e6 23. Raf1 b6 24. Nh5 Kb7 25. Ng7 c5 26.
Nxe8 Rxe8 27. Rxf6 cxd4 28. exd4 Nxf6 29. Rxf6 Re7 30.
Rd6 Rf7 31. Rxd5 Rf2+ 32. Ke3 Rxa2 33. Rd7+ Ka6 34. Rxh7 Rb2 35. g5 Rxb3+ 36. Kf4 Rd3 37. g6 Rxd4+ 38. Ke5 Rd1 39. h4 b5 40. h5 b4 41. Rh8 Kb7 42. g7 Rg1 43. g8=Q Rxg8 44. Rxg8 b3 45. Rg3 1-0

[Event "Late-Titled-Tuesday-Blitz-August-29-2023"]
[Site "Chess.com"]
[Date "2023.08.29"]
[Round "5"]
[White "GOGIEFF"]
[Black "maciek_92"]
[Result "1-0"]
[WhiteElo "3024"]
[BlackElo "2732"]
[TimeControl "180+1"]
[EndTime "14:54:22 PDT"]
[Termination "GOGIEFF won by checkmate"]

1. d4 Nf6 2. Nf3 d6 3. c4 Nbd7 4. Nc3 e5 5. e4 g6 6. Be2 Bg7 7. O-O O-O 8. Qc2 Re8 9. Rd1 exd4 10. Nxd4 Nc5 11. f3 a5 12. Be3 Qe7 13. Ndb5 Rd8 14. Nd5 Nxd5 15. cxd5 b6 16. Nd4 Bd7 17. Bf2 Re8 18.
Bf1 Qg5 19. Rac1 Re7 20. b3 h5 21. h4 Qf6 22. a3 Bh6 23. Rb1 g5 24. hxg5 Bxg5 25. b4 Ba4 26. Qc4 axb4 27. axb4 Bxd1 28. Rxd1 Na4 29. Qc2 b5 30. Nf5 Ree8 31. Bd4 Qg6 32. Bxb5 Reb8 33. Bxa4 Rxb4 34. Bc6 Rab8 35. f4 Bd8 36.
Qf2 Kh7 37. Kh2 Rb3 38. Ba4 Rb1 39. Rd3 h4 40. Rh3 Kg8 41. Rxh4 Bxh4 42. Qxh4 Kf8 43. Qh8+ Qg8 44. Bg7# 1-0

[Event "Late-Titled-Tuesday-Blitz-August-29-2023"]
[Site "Chess.com"]
[Date "2023.08.29"]
[Round "5"]
[White "bescmelasti"]
[Black "Sjakkerntobi"]
[Result "0-1"]
[WhiteElo "2615"]
[BlackElo "2462"]
[TimeControl "180+1"]
[EndTime "14:54:23 PDT"]
[Termination "Sjakkerntobi won on time"]

1. e4 e6 2. d4 d5 3. Nc3 Bb4 4. e5 Ne7 5. a3 Bxc3+ 6. bxc3 c5 7. Qg4 cxd4 8. Qxg7 Rg8 9. Qxh7 Qc7 10. Qd3 dxc3 11. Nf3 Nbc6 12. Qxc3 Bd7 13. h4 O-O-O 14.
Bg5 Rde8 15. Bd3 Kb8 16. g3 d4 17. Qc5 Nd5 18. O-O Ka8 19. Be4 Nxe5 20. Qxd4 Nxf3+ 21. Bxf3 Bc6 22. c4 Ne7 23. Bxc6 Nxc6 24. Qc5 f6 25. Be3 Rxg3+ 26. fxg3 Qxg3+ 27. Kh1 Rg8 28. Bg5 Qh3+ 29. Kg1 Ne5 0-1

[Event "Late-Titled-Tuesday-Blitz-August-29-2023"]
[Site "Chess.com"]
[Date "2023.08.29"]
[Round "5"]
[White "arenal72"]
[Black "ilushka"]
[Result "0-1"]
[WhiteElo "2515"]
[BlackElo "2384"]
[TimeControl "180+1"]
[EndTime "14:54:26 PDT"]
[Termination "ilushka won by resignation"]

1. e4 c5 2. Nf3 Nc6 3. d4 cxd4 4.
Nxd4 g6 5. Nc3 Bg7 6. Be3 Nf6 7. Bc4 O-O 8. O-O Nxe4 9. Nxe4 d5 10. Bd3 Nxd4 11. Ng3 Nf5 12. Nxf5 Bxf5 13. Bxf5 gxf5 14. c3 e6 15. Bd4 Qg5 16. Bxg7 Kxg7 17. Qd4+ Qf6 18.
f4 Qxd4+ 19. cxd4 Rfc8 20. Rac1 Rc4 21. Rxc4 dxc4 22. Kf2 b5 23. Ke3 Kf6 24. Kd2 Ke7 25.
Kc3 Kd6 26. Re1 f6 27. a4 a6 28. Ra1 Rb8 29. axb5 axb5 30. Ra7 Kd5 31. Rd7+ Ke4 32. Rxh7 Kxf4 33. Re7 e5 34. g3+ Ke4 35. dxe5 fxe5 36.
Kb4 Rh8 37. h4 Rg8 38. h5 Rxg3 39. h6 Rb3+ 40. Kc5 Rxb2 41. Kd6 Rh2 42. Rxe5+ Kd4 43. Rd5+ Kc3 44. Rxb5 Rxh6+ 45. Ke5 Rh4 46. Rb8 Kc2 47.
Kxf5 c3 48. Ke5 Kd2 49. Rd8+ Kc1 50. Rc8 c2 51. Rc7 Kb2 52. Rb7+ Kc3 53. Kd5 c1=Q 54. Rc7+ Kd2 55. Rxc1 Kxc1 0-1

[Event "Late-Titled-Tuesday-Blitz-August-29-2023"]
[Site "Chess.com"]
[Date "2023.08.29"]
[Round "5"]
[White "DampFalcon"]
[Black "MFatigue"]
[Result "1-0"]
[WhiteElo "2374"]
[BlackElo "2488"]
[TimeControl "180+1"]
[EndTime "14:54:26 PDT"]
[Termination "DampFalcon won by resignation"]

1. e4 e6 2. d4 d5 3. Nd2 Nf6 4. e5 Nfd7 5. Ngf3 c5 6. c3 Nc6 7.
Be2 Be7 8. Kf1 g5 9. h3 Qb6 10.
Nb3 a5 11. a4 h6 12. Be3 c4 13. Nc1 Qxb2 14. Ra2 Qb6 15. Bxc4 dxc4 16. d5 Bc5 17.
dxc6 Qxc6 18. Bxc5 Qxc5 19. Rd2 Ke7 20. Ne2 Nxe5 21. Nxe5 Qxe5 22. Nd4 Bd7 23. Re2 Qc5 24. Qb1 b5 25. axb5 a4 26. Kg1 a3 27. Kh2 Rhb8 28. Nf5+ Kf6 29. Nxh6 Rxb5 30. Qh7 Rf8 31. Ng8+ Rxg8 32.
Qxg8 Qd6+ 33. g3 Ra5 34. Qd8+ 1-0

[Event "Late-Titled-Tuesday-Blitz-August-29-2023"]
[Site "Chess.com"]
[Date "2023.08.29"]
[Round "5"]
[White "Jahonas"]
[Black "Cipy77"]
[Result "1-0"]
[WhiteElo "2451"]
[BlackElo "2540"]
[TimeControl "180+1"]
[EndTime "14:54:27 PDT"]
[Termination "Jahonas won by resignation"]

1. d4 d5 2. Nf3 Nf6 3. g3 c5 4. Bg2 Nc6 5. c3 Bg4 6. O-O e6 7. Nbd2 cxd4 8. Nxd4 Bd6 9. b3 O-O 10. h3 Bh5 11. Bb2 Rc8 12. Rc1 Qe7 13. N2f3 Bg6 14. Nb5 Bb8 15. Ba3 Qd7 16. Bxf8 Rxf8 17. c4 a6 18. cxd5 exd5 19. Nbd4 Ne4 20. Nxc6 bxc6 21.
Nh4 Qe6 22. Nxg6 fxg6 23. Bxe4 dxe4 24. Qc2 Qxh3 25. Qxe4 c5 26. Qg2 Qh5 27. e3 Rd8 28. g4 Qe5 29. Rfd1 Rxd1+ 30. Rxd1 Kf8 31. Qf3+ Ke7 32.
Rd5 Qh2+ 33. Kf1 Qc7 34. Qe4+ Kf7 35. Qc4 Ke8 36. Rxc5 Qd6 37. Rc8+ Kd7 38. Rc5 Ke8 39. Qe4+ Kf8 40. Qf4+ Qxf4 41. exf4 Bxf4 42. Rc6 a5 43. a3 Bc1 44. b4 Bxa3 45. bxa5 Ke7 46. a6 Kd7 47. a7 1-0